 Dungeon Crawl Stone Soup version 0.31-a0-161-gb58dd9be76 (webtiles) character file.

Game seed: 6322390000153160791

12933 qw the Cleaver (level 12, -8/76 HPs)
             Began as a Gargoyle Fighter on June 12, 2023.
             Was an Elder of Okawaru.
             Killed by divine providence
             ... invoked by a meliai
              (12 damage)
             ... on level 2 of the Lair of Beasts.
             The game lasted 00:04:32 (9553 turns).

qw the Cleaver (Gargoyle Fighter)                   Turns: 9553, Time: 00:04:33

Health: -8/76      AC: 27    Str: 32    XL:     12   Next: 0%
Magic:  18/19      EV: 10    Int:  8    God:    Okawaru [****..]
Gold:   954        SH:  6    Dex:  9    Spells: 11/11 levels left

rFire   + . .        Y - +3 war axe
rCold   + . .        c - +0 buckler
rNeg    + . .        l - +0 plate armour
rPois   inf          o - +0 helmet
rElec   +            k - scarf {rC+ rF+}
rCorr   .            (no gloves)
SInv    .            s - +0 pair of boots
Will    +....        (no amulet) Stlth
                     j - +6 ring of strength
HPRegen 0.32/turn    m - ring of willpower
MPRegen 0.16/turn

%: no passive effects
@: about to teleport, heroic
A: sickness immunity, AC +8, negative energy resistance 1, electricity
resistance, torment resistance 1, petrification resistance
a: Renounce Religion, Heroism, Finesse


You were on level 2 of the Lair of Beasts.
You worshipped Okawaru.
Okawaru was greatly pleased with you.
You visited 2 branches of the dungeon, and saw 10 of its levels.

You collected 1076 gold pieces.
You spent 122 gold pieces at shops.


Innate Abilities, Weirdness & Mutations

You are immune to sickness and miasma.
Your stone body is resilient. (AC +8)
You are immune to poison.
You resist negative energy. (rN+)
You are resistant to electric shocks. (rElec)
You are resistant to unholy torment.
You are immune to petrification.


   Skills:
 - Level 9.0(14.0) Fighting
 + Level 11.0(16.0) Axes
 - Level 3.3(8.3) Throwing
 - Level 8.0(13.0) Armour
 - Level 2.2(7.2) Dodging
 - Level 5.0(10.0) Shields
 - Level 10.0 Invocations


You had 11 spell levels left.
You didn't know any spells.
Your spell library was empty.

Inventory:

Hand Weapons
 g - a +2 flail of protection
 Y - a +3 war axe (weapon)
Missiles
 a - 15 boomerangs (quivered)
 q - a javelin
Armour
 c - a +0 buckler (worn)
 e - a +0 cloak
 k - a scarf of resistance (worn)
 l - a +0 plate armour (worn)
 o - a +0 helmet (worn)
 p - a +2 cloak
 s - a +0 pair of boots (worn)
Jewellery
 j - a +6 ring of strength (left hand)
 m - a ring of willpower (right hand)
 u - a ring of protection from fire
Scrolls
 r - a scroll of identify
Potions
 b - a potion of magic
 d - 3 potions of might
 f - a potion of attraction
 i - 4 potions of lignification
 n - 8 potions of curing
 t - a potion of mutation

Dungeon Overview and Level Annotations

Branches:
Dungeon (8/15)             Temple (0/1) D:6            Lair (2/5) D:8
  Swamp: Lair:2-3    Shoals: Lair:2-3     Snake: Lair:2-3    Spider: Lair:2-3

Altars:
Cheibriados
Dithmenos
Hepliaklqana
Makhleb
Okawaru
Sif Muna
Trog
Vehumet
Yredelemnul
The Shining One

Shops:
D:4 (*   D:5 =

Annotations:
D:3 4 runed translucent doors, Crazy Yiuf; qw's ghost, amateur NaHu
D:4 Natasha
Lair:2 Fannar


Message History

The killer bee closely misses you.
A killer bee comes into view.
Fannar hits you but does no damage.
You slice the killer bee!!
You kill the killer bee!
Okawaru accepts your kill.
You slash the ice beast! You closely miss Fannar.
The meliai mumbles some strange prayers to its god against you.
Something smites you! Fannar hits you but does no damage.
Your base Armour skill increases to level 8!
You slash the ice beast!
The ice beast is almost dead.
You hit Fannar but do no damage. The ice beast completely misses you.
You barely miss the ice beast.
The ice beast is almost dead.
You closely miss Fannar.
The meliai mumbles some strange prayers to its god against you.
Something smites you!
Fannar gestures wildly while chanting.
You block the ice beast's attack.
The killer bee stings you but does no damage.
9552 ||| READING scroll of teleportation.
As you read the scroll of teleportation, it crumbles to dust.
You feel strangely unstable. You block Fannar's attack.
The ice beast hits you but does no damage.
The killer bee barely misses you. You block the meliai's attack.
The meliai stings you.
The killer bee stings you but does no damage.
You slash the ice beast!
You kill the ice beast!
The ice beast disappears in a puff of smoke!
You miss Fannar. You hit the ice beast but do no damage.
You barely miss the killer bee. You closely miss the meliai.
You barely miss the killer bee.
The killer bee stings you but does no damage.
The meliai mumbles some strange prayers to its god against you.
Something smites you!
You die...

#......## ##.##
###....P### #....
#P.....#.# ##.#.
#####....## #....
...#P.....# ###...
..........## #.#...
...........## ##....
........Y...### ##....
......y@y....P# #.....
......¤ey.....# ##....
...............# #....
..[......#......# #.:..
.....>..#........###...#
........###.............
##.....## ...........#.
..#...# ......###...
..... #...


You could see Fannar, an ice beast (summoned), a meliai and 2 killer bees.

Vanquished Creatures
  A two-headed ogre (D:8)
  2 black mambas (Lair:1)
  2 cane toads (Lair:1)
  5 komodo dragons
  2 rime drakes
  14 blink frogs
  3 slime creatures (D:6)
  3 wyverns
  10 yaks (Lair:1)
  A basilisk (Lair:2)
  A steam dragon (D:8)
  Eustachio (D:4)
  Edmund (D:4)
  6 water moccasins
  Duvessa (D:6)
  3 black bears
  2 ice beasts (D:6)
  An ogre (D:4)
  4 centaurs
  6 kobold brigands
  5 bullfrogs
  A scorpion (Lair:1)
  A gnoll sergeant (D:7)
  Dowan (D:6)
  7 killer bees
  2 howler monkeys
  6 jellies
  9 hounds
  An orc priest (D:7)
  A sleepcap (D:6)
  Ijyb (D:3)
  Natasha (twice) (D:4)
  3 iguanas
  3 orc wizards
  11 gnolls
  8 adders
  An ufetubus (D:6)
  2 worms
  4 dart slugs
  13 orcs
  7 ball pythons
  12 endoplasms
  3 giant cockroaches
  9 hobgoblins
  3 jackals (D:4)
  6 quokkas
  4 bats
  A frilled lizard (D:3)
  6 goblins
  9 kobolds
  7 rats
218 creatures vanquished.

Vanquished Creatures (others)
  An orc wizard (D:4)
  An orc (D:4)
  A hobgoblin (D:4)
3 creatures vanquished.

Grand Total: 221 creatures vanquished

Notes
Turn   | Place    | Note
-------+----------+-------------------------------------------
     0 | D:1      | qw the Gargoyle Fighter began the quest for the Orb.
     0 | D:1      | Reached XP level 1. HP: 14/14 MP: 1/1
     0 | D:1      | 0 ||| qw: Version: 0.2-a-29-gc1b59c4
     0 | D:1      | 0 ||| qw: Game counter: 4195
     0 | D:1      | 0 ||| qw: Always use a shield: true
     0 | D:1      | 0 ||| qw: God list: Okawaru
     0 | D:1      | 0 ||| qw: Allow faded altars: false
     0 | D:1      | 0 ||| qw: Do Orc after D:15 true
     0 | D:1      | 0 ||| qw: Do second Lair branch before Depths: true
     0 | D:1      | 0 ||| qw: Lair rune preference: random
     0 | D:1      | 0 ||| qw: Plans: Normal, Zot:1-4, Slime:5, God:TSO, Crypt,
                  | Tomb, Abyss, Pan, Hells, Win
     0 | D:1      | 0 ||| PLANNING D:1-11
    94 | D:1      | Reached skill level 2 in Axes
   123 | D:1      | 123 ||| Stepping ~*~*~tactically~*~*~ (stealth).
   127 | D:1      | Reached XP level 2. HP: 19/19 MP: 2/2
   197 | D:1      | 197 ||| Stepping ~*~*~tactically~*~*~ (hiding).
   224 | D:1      | 224 ||| FLEEEEING.
   241 | D:1      | 241 ||| Stepping ~*~*~tactically~*~*~ (hiding).
   420 | D:1      | Reached skill level 3 in Axes
   485 | D:1      | Reached XP level 3. HP: 23/23 MP: 3/3
   830 | D:1      | 830 ||| DROPPING orb of guile.
   831 | D:1      | 831 ||| UPGRADING to scarf of resistance.
   836 | D:1      | 836 ||| READING 3 scrolls labelled WORUTH DIEDO.
   837 | D:1      | 837 ||| READING scroll labelled KEELOQIONA.
   838 | D:1      | 838 ||| READING scroll labelled ZUHALAOPTEUGG.
   839 | D:1      | 839 ||| DRINKING 2 murky emerald potions.
   840 | D:1      | 840 ||| DROPPING 2 scrolls of fear.
   931 | D:2      | 931 ||| READING scroll of enchant weapon.
   931 | D:2      | 931 ||| ENCHANTING +1 war axe.
  1090 | D:2      | 1090 ||| Stepping ~*~*~tactically~*~*~ (stealth).
  1225 | D:2      | 1225 ||| Stepping ~*~*~tactically~*~*~ (hiding).
  1238 | D:2      | Reached XP level 4. HP: 10/28 MP: 4/4
  1239 | D:2      | HP: 5/28 [gnoll/+0 spear (5)]
  1240 | D:2      | Reached skill level 4 in Axes
  1240 | D:2      | 1240 ||| DRINKING 2 potions of heal wounds.
  1531 | D:2      | 1531 ||| DROPPING amulet of magic regeneration.
  1532 | D:2      | 1532 ||| UPGRADING to +6 ring of strength.
  1533 | D:2      | 1533 ||| UPGRADING to ring of willpower.
  1534 | D:2      | 1534 ||| READING scroll labelled WICUH UMUTY.
  1535 | D:2      | 1535 ||| DRINKING 2 glowing ruby potions.
  1536 | D:2      | 1536 ||| DROPPING potion of degeneration.
  1561 | D:3      | 1561 ||| Stepping ~*~*~tactically~*~*~ (hiding).
  1582 | D:3      | Reached XP level 5. HP: 10/32 MP: 5/5
  1587 | D:3      | HP: 6/32 [orc wizard/puff of flame (4)]
  1588 | D:3      | 1588 ||| DRINKING potion of heal wounds.
  1627 | D:3      | Identified the +1 robe "Munnal" {Int+4 Stlth+}
  1705 | D:3      | Found a runed translucent gate.
  1705 | D:3      | Found a runed translucent gate.
  1705 | D:3      | Found a runed translucent gate.
  1712 | D:3      | Noticed qw's ghost (amateur NaHu)
  1732 | D:3      | Noticed Ijyb
  1741 | D:3      | Killed Ijyb
  1742 | D:3      | Reached skill level 5 in Axes
  1810 | D:3      | Found a runed translucent door.
  1811 | D:3      | Noticed Crazy Yiuf
  1926 | D:3      | 1926 ||| Stepping ~*~*~tactically~*~*~ (hiding).
  1928 | D:3      | 1928 ||| Stepping ~*~*~tactically~*~*~ (hiding).
  1947 | D:3      | Found a basalt altar of Yredelemnul.
  1983 | D:3      | Found a shadowy altar of Dithmenos.
  2178 | D:3      | Found an iron altar of Okawaru.
  2179 | D:3      | 2179 ||| PLANNING OKAWARU WORSHIP
  2179 | D:3      | 2179 ||| UPGRADING to +0 chain mail.
  2189 | D:3      | 2189 ||| DROPPING +0 scale mail.
  2190 | D:3      | 2190 ||| UPGRADING to +0 plate armour.
  2200 | D:3      | 2200 ||| DROPPING +0 chain mail.
  2201 | D:3      | 2201 ||| READING scroll labelled HUTEEC QIKLOGI.
  2206 | D:3      | 2206 ||| READING scroll labelled JAINOPL ALUMAG.
  2207 | D:3      | 2207 ||| DRINKING 4 fuming yellow potions.
  2239 | D:3      | 2239 ||| DRINKING 2 inky potions.
  2349 | D:3      | Found a burning altar of Makhleb.
  2351 | D:3      | Became a worshipper of Warmaster Okawaru
  2351 | D:3      | 2351 ||| PLANNING D:1-11
  2354 | D:3      | Found a snail-covered altar of Cheibriados.
  2354 | D:3      | Found a shimmering blue altar of Sif Muna.
  2566 | D:4      | Found Isuzxoud's Assorted Antiques.
  2568 | D:4      | Found Digud's Antique Weapon Shop.
  2572 | D:4      | 2572 ||| BUYING crooked silver wand (100 gold).
  2572 | D:4      | Bought a crooked silver wand for 100 gold pieces
  2572 | D:4      | 2572 ||| BUYING glowing coppery potion (22 gold).
  2572 | D:4      | Bought a glowing coppery potion for 22 gold pieces
  2572 | D:4      | 2572 ||| SHOPLISTING scroll labelled QALLE QYMN (25 gold,
                  | have 24).
  2595 | D:4      | 2595 ||| FLEEEEING.
  2596 | D:4      | 2596 ||| FLEEEEING.
  2597 | D:4      | 2597 ||| FLEEEEING.
  2598 | D:4      | 2598 ||| FLEEEEING.
  2599 | D:4      | 2599 ||| FLEEEEING.
  2600 | D:4      | 2600 ||| FLEEEEING.
  2601 | D:4      | 2601 ||| FLEEEEING.
  2602 | D:4      | 2602 ||| FLEEEEING.
  2603 | D:4      | 2603 ||| FLEEEEING.
  2604 | D:4      | 2604 ||| FLEEEEING.
  2605 | D:4      | 2605 ||| FLEEEEING.
  2606 | D:4      | 2606 ||| FLEEEEING.
  2607 | D:4      | 2607 ||| FLEEEEING.
  2608 | D:4      | 2608 ||| STAIRDANCE
  2667 | D:3      | 2667 ||| DROPPING wand of polymorph (7).
  2754 | D:4      | Reached XP level 6. HP: 38/38 MP: 6/6
  2756 | D:4      | Noticed Eustachio
  2764 | D:4      | Killed Eustachio
  2780 | D:4      | Noticed Edmund
  2792 | D:4      | Killed Edmund
  2793 | D:4      | Reached skill level 6 in Axes
  2793 | D:4      | Reached XP level 7. HP: 41/43 MP: 7/7
  2800 | D:4      | 2800 ||| DROPPING +0 mace.
  2837 | D:4      | 2837 ||| SHOPLISTING runed morningstar (189 gold, have 24).
  2879 | D:4      | Reached * piety under Okawaru
  2880 | D:4      | Reached skill level 1 in Dodging
  2881 | D:4      | Noticed Natasha
  2882 | D:4      | 2882 ||| INVOKING Heroism.
  2893 | D:4      | Killed Natasha
  2946 | D:4      | Identified the +5 quarterstaff of the Slashing Gods
                  | {freeze, Dex+2}
  3146 | D:4      | Reached skill level 7 in Axes
  3283 | D:4      | Noticed Natasha
  3288 | D:4      | Killed Natasha
  3357 | D:4      | Found a radiant altar of Vehumet.
  3507 | D:4      | 3507 ||| Stepping ~*~*~tactically~*~*~ (stealth).
  3540 | D:4      | 3540 ||| Stepping ~*~*~tactically~*~*~ (stealth).
  3702 | D:4      | Noticed Natasha
  3703 | D:4      | 3703 ||| Stepping ~*~*~tactically~*~*~ (stealth).
  3710 | D:4      | You fall into a shaft and drop 2 floors!
  3717 | D:6      | 3717 ||| READING scroll of enchant weapon.
  3717 | D:6      | 3717 ||| ENCHANTING +2 war axe.
  3754 | D:6      | Identified the +2 falchion "Afiptecu" {distort, rC+ Str+3}
  3787 | D:6      | Reached XP level 8. HP: 49/49 MP: 8/8
  3796 | D:6      | Reached skill level 1 in Invocations
  3797 | D:6      | 3797 ||| UPGRADING to +0 helmet.
  3802 | D:6      | 3802 ||| READING scroll labelled QEPTAO DUIMN.
  3803 | D:6      | 3803 ||| READING 3 scrolls labelled GUIDEONOTSU.
  3804 | D:6      | 3804 ||| READING 2 scrolls of identify.
  3804 | D:6      | 3804 ||| IDENTIFYING grey potion
  3812 | D:5      | Entered Level 5 of the Dungeon
  3832 | D:5      | Found a hazy altar of Hepliaklqana.
  3966 | D:5      | 3966 ||| FLEEEEING.
  3967 | D:5      | 3967 ||| STAIRDANCE
  4105 | D:5      | 4105 ||| STAIRDANCE
  4159 | D:5      | Found Riyll's Jewellery Shop.
  4169 | D:5      | 4169 ||| SHOPLISTING +4 ring of protection (396 gold, have
                  | 97).
  4169 | D:5      | 4169 ||| SHOPLISTING +6 ring of dexterity (396 gold, have
                  | 97).
  4169 | D:5      | 4169 ||| SHOPLISTING amulet of reflection (330 gold, have
                  | 97).
  4169 | D:5      | 4169 ||| SHOPLISTING amulet of regeneration (330 gold, have
                  | 97).
  4169 | D:5      | 4169 ||| SHOPLISTING ring of positive energy (220 gold,
                  | have 97).
  4169 | D:5      | 4169 ||| SHOPLISTING ring of protection from cold (275
                  | gold, have 97).
  4169 | D:5      | 4169 ||| SHOPLISTING ring of resist corrosion (220 gold,
                  | have 97).
  4443 | D:5      | Reached skill level 1 in Throwing
  4498 | D:5      | Found a glowing golden altar of the Shining One.
  4727 | D:5      | 4727 ||| UPGRADING to +0 pair of boots.
  4732 | D:5      | 4732 ||| READING scroll labelled DUOSEG FEOXZEW.
  4845 | D:6      | Reached skill level 3 in Invocations
  4896 | D:6      | 4896 ||| INVOKING Heroism.
  4950 | D:6      | Found a staircase to the Ecumenical Temple.
  4950 | D:6      | Noticed Dowan
  4950 | D:6      | Noticed Duvessa
  4951 | D:6      | 4951 ||| Stepping ~*~*~tactically~*~*~ (hiding).
  4954 | D:6      | 4954 ||| INVOKING Heroism.
  4963 | D:6      | Killed Dowan
  4991 | D:6      | 4991 ||| Stepping ~*~*~tactically~*~*~ (stealth).
  4993 | D:6      | 4993 ||| INVOKING Heroism.
  5000 | D:6      | Killed Duvessa
  5001 | D:6      | Reached skill level 8 in Axes
  5120 | D:6      | 5120 ||| INVOKING Heroism.
  5211 | D:6      | 5211 ||| INVOKING Heroism.
  5416 | D:6      | Reached XP level 9. HP: 54/54 MP: 12/12
  5443 | D:6      | Reached skill level 6 in Fighting
  5447 | D:6      | Reached ** piety under Okawaru
  5493 | D:6      | 5493 ||| Stepping ~*~*~tactically~*~*~ (hiding).
  5610 | D:6      | 5610 ||| INVOKING Heroism.
  5617 | D:6      | 5617 ||| FLEEEEING.
  5620 | D:6      | 5620 ||| FLEEEEING.
  5621 | D:6      | 5621 ||| FLEEEEING.
  5633 | D:6      | Reached skill level 9 in Axes
  5856 | D:6      | 5856 ||| READING 4 scrolls of identify.
  5856 | D:6      | 5856 ||| IDENTIFYING glowing coppery potion
  5857 | D:6      | 5857 ||| READING 3 scrolls of identify.
  5857 | D:6      | 5857 ||| IDENTIFYING dark potion
  5858 | D:6      | 5858 ||| READING 2 scrolls of identify.
  5858 | D:6      | 5858 ||| IDENTIFYING coppery potion
  5859 | D:6      | 5859 ||| DROPPING potion of ambrosia.
  5860 | D:6      | 5860 ||| DROPPING potion of brilliance.
  5965 | D:7      | 5965 ||| Stepping ~*~*~tactically~*~*~ (hiding).
  6057 | D:7      | 6057 ||| INVOKING Heroism.
  6073 | D:7      | 6073 ||| Stepping ~*~*~tactically~*~*~ (stealth).
  6075 | D:7      | 6075 ||| Stepping ~*~*~tactically~*~*~ (hiding).
  6112 | D:7      | 6112 ||| Stepping ~*~*~tactically~*~*~ (stealth).
  6113 | D:7      | 6113 ||| Stepping ~*~*~tactically~*~*~ (stealth).
  6380 | D:7      | 6380 ||| INVOKING Heroism.
  6388 | D:7      | Reached skill level 6 in Armour
  6455 | D:7      | Reached *** piety under Okawaru
  6466 | D:7      | Found a bloodstained altar of Trog.
  6494 | D:7      | 6494 ||| INVOKING Heroism.
  6670 | D:7      | 6670 ||| READING scroll labelled DOSEIKHL HIKOU.
  6731 | D:8      | Noticed a two-headed ogre
  6732 | D:8      | 6732 ||| INVOKING Heroism.
  6741 | D:8      | Killed a two-headed ogre
  6741 | D:8      | Received a gift from Okawaru
  6742 | D:8      | Reached skill level 10 in Axes
  6742 | D:8      | Reached XP level 10. HP: 52/63 MP: 11/13
  6910 | D:8      | 6910 ||| INVOKING Heroism.
  7083 | D:8      | 7083 ||| Stepping ~*~*~tactically~*~*~ (stealth).
  7085 | D:8      | 7085 ||| Stepping ~*~*~tactically~*~*~ (hiding).
  7086 | D:8      | 7086 ||| Stepping ~*~*~tactically~*~*~ (hiding).
  7395 | D:8      | 7395 ||| Stepping ~*~*~tactically~*~*~ (hiding).
  7396 | D:8      | 7396 ||| Stepping ~*~*~tactically~*~*~ (hiding).
  7505 | D:8      | Reached **** piety under Okawaru
  7527 | D:8      | Found a staircase to the Lair.
  7880 | D:8      | 7880 ||| PLANNING LAIR
  7880 | D:8      | 7880 ||| READING scroll labelled SITAACS KYMAO.
  7880 | D:8      | Identified a scroll of acquirement
  7880 | D:8      | 7880 ||| ACQUIRING 352 gold pieces
  7880 | D:8      | Acquired 352 gold pieces
  7927 | Lair:1   | Entered Level 1 of the Lair of Beasts
  7953 | Lair:1   | 7953 ||| INVOKING Heroism.
  8097 | Lair:1   | Noticed a black mamba
  8098 | Lair:1   | 8098 ||| INVOKING Heroism.
  8105 | Lair:1   | Killed a black mamba
  8106 | Lair:1   | Reached skill level 3 in Throwing
  8133 | Lair:1   | Noticed a cane toad
  8134 | Lair:1   | 8134 ||| INVOKING Heroism.
  8135 | Lair:1   | 8135 ||| Stepping ~*~*~tactically~*~*~ (stealth).
  8140 | Lair:1   | Killed a cane toad
  8141 | Lair:1   | Reached skill level 6 in Invocations
  8142 | Lair:1   | HP: 10/64 [komodo dragon (21)]
  8143 | Lair:1   | 8143 ||| READING 3 scrolls of teleportation.
  8144 | Lair:1   | 8144 ||| DRINKING 3 potions of heal wounds.
  8154 | Lair:1   | Reached XP level 11. HP: 36/68 MP: 15/15
  8163 | Lair:1   | Reached ***** piety under Okawaru
  8172 | Lair:1   | HP: 16/68 [yak (7)]
  8173 | Lair:1   | 8173 ||| READING 2 scrolls of teleportation.
  8174 | Lair:1   | 8174 ||| DRINKING 2 potions of heal wounds.
  8174 | Lair:1   | HP: 7/68 [black mamba (3)]
  8175 | Lair:1   | 8175 ||| DRINKING potion of heal wounds.
  8177 | Lair:1   | 8177 ||| INVOKING Heroism.
  8217 | Lair:1   | 8217 ||| INVOKING Heroism.
  8293 | Lair:1   | 8293 ||| INVOKING Heroism.
  8358 | Lair:1   | 8358 ||| INVOKING Heroism.
  8385 | Lair:1   | 8385 ||| INVOKING Heroism.
  8393 | Lair:1   | Reached skill level 11 in Axes
  8548 | Lair:1   | 8548 ||| INVOKING Heroism.
  8744 | Lair:1   | 8744 ||| Stepping ~*~*~tactically~*~*~ (stealth).
  8746 | Lair:1   | 8746 ||| INVOKING Heroism.
  8760 | Lair:1   | Identified the +9 hand axe "Naiteixt" {protect, rElec Str-3
                  | Int+3 Dex+3} (Okawaru gifted it to you on level 1 of the
                  | Lair of Beasts)
  8760 | Lair:1   | Received a gift from Okawaru
  8770 | Lair:1   | Reached skill level 9 in Invocations
  8808 | Lair:1   | 8808 ||| INVOKING Heroism.
  9193 | Lair:1   | 9193 ||| READING scroll labelled POLEVU GAENIRAN.
  9194 | Lair:1   | 9194 ||| READING 2 scrolls of identify.
  9194 | Lair:1   | 9194 ||| IDENTIFYING bubbling yellow potion
  9243 | Lair:2   | 9243 ||| INVOKING Heroism.
  9252 | Lair:2   | Reached skill level 9 in Fighting
  9399 | Lair:2   | 9399 ||| INVOKING Heroism.
  9418 | Lair:2   | 9418 ||| Stepping ~*~*~tactically~*~*~ (stealth).
  9419 | Lair:2   | 9419 ||| Stepping ~*~*~tactically~*~*~ (stealth).
  9532 | Lair:2   | Noticed Fannar
  9533 | Lair:2   | 9533 ||| INVOKING Heroism.
  9546 | Lair:2   | Reached XP level 12. HP: 31/76 MP: 17/19
  9551 | Lair:2   | HP: 8/76 [meliai/divine providence (13)]
  9552 | Lair:2   | 9552 ||| READING scroll of teleportation.
  9552 | Lair:2   | HP: 3/76 [meliai/+0 war axe (5)]
  9553 | Lair:2   | Killed from afar by a meliai

Levels and vault maps discovered:
D:1:      dpeg_arrival_circle_labyrinth_a, layout_rooms, grunt_decor_one_mirror
D:2:      layout_basic, supply_closet_lemuel, kennysheep_doodads,
          minmay_misc_feat_hallway
D:3:      layout_basic, nicolae_dithmenos_shadow_blocks,
          nicolae_overflow_hallway_of_the_gods, ebering_ghost_rock_garden,
          uniq_ijyb, uniq_crazy_yiuf_cottage
D:4:      layout_gridville, mainiacjoe_overflow_concentric_impassable,
          nicolae_wooded_promenade, uniq_edmund, uniq_eustachio, uniq_natasha
D:5:      layout_basic, mainiacjoe_overflow_catwalk_spiral, serial_shops,
          nicolae_shop_gaudy_bauble, serial_aquarium, aquarium_bridge_square
          [aquarium_subvault_balcony, aquarium_subvault_bridge,
          aquarium_subvault_bridge, aquarium_subvault_bridge],
          aquarium_bridge_straight [aquarium_subvault_bridge,
          aquarium_subvault_wall, aquarium_subvault_bridge,
          aquarium_subvault_wall], aquarium_window_1,
          aquarium_window_corridor_2, aquarium_view_2c
D:6:      cheibrodos_fertilizer, layout_basic, minmay_temple_entry_mini_moons,
          uniq_duvessa
D:7:      layout_basic, marbit_many_paths, serial_corexii_hall,
          corexii_hall_statues_i, corexii_hall_statues_x,
          corexii_hall_statues_l, corexii_hall_statues_x, dreamdust_gnoll_farm
D:8:      layout_basic, lair_entry_dummy, dreamdust_princess_bridge,
          nicolae_figureground_pulse
Lair:1:   layout_loops_ring, lightli_volcano_entry_magma_tube,
          grunt_megastairs_3
Lair:2:   layout_cave_pods, hellmonk_spider_entry_not_the_bees, uniq_fannar

Skill      XL: |  1  2  3  4  5  6  7  8  9 10 11 12 |
---------------+-------------------------------------+-----
Axes           | 2 3 4 5 6 7 8 10 11 | 11.0
Fighting       | 4 5 7 8 9 |  9.0
Dodging        | 1 2 |  2.2
Invocations    | 4 6 10 | 10.0
Armour         | 5 6 7 8 |  8.0
Throwing       | 1 3 |  3.3
Shields        | 4 5 |  5.0

Action                     |  1- 3 |  4- 6 |  7- 9 | 10-12 || total
---------------------------+-------+-------+-------+-------++-------
  Melee: War axe           |    93 |    80 |   231 |   257 ||   661
  Throw: Boomerang         |    11 |    59 |    85 |    55 ||   210
         Javelin           |       |       |       |    24 ||    24
 Invoke: Heroism           |       |       |    11 |    15 ||    26
    Use: Scroll            |     4 |     3 |     9 |     6 ||    22
         Potion            |     1 |     5 |       |     3 ||     9
 Armour: Scale mail        |    41 |    32 |       |       ||    73
         Plate armour      |       |    25 |   160 |   156 ||   341
  Dodge: Dodged            |    37 |    33 |    86 |   103 ||   259
  Block: Buckler           |    19 |    16 |    49 |    55 ||   139

Table legend:
 A = Non-vault XP
 B = Vault XP
 C = Vault XP percentage of total XP
 D = Non-vault monster count
 E = Vault monster count
 F = Vault count percentage of total count
                 A         B        C        D         E       F
            +---------+---------+-------+---------+---------+-------
      Total |   14587 |    3889 |  21.0 |     181 |      38 |  17.4
            +---------+---------+-------+---------+---------+-------
        D:1 |      44 |       0 |   0.0 |      25 |       0 |   0.0
        D:2 |      90 |       0 |   0.0 |      23 |       0 |   0.0
        D:3 |     112 |      38 |  25.3 |      19 |       1 |   5.0
        D:4 |     559 |     391 |  41.2 |      26 |       3 |  10.3
        D:5 |     207 |       0 |   0.0 |       5 |       0 |   0.0
        D:6 |    1500 |     803 |  34.9 |      16 |      16 |  50.0
        D:7 |     546 |     210 |  27.8 |      14 |       6 |  30.0
        D:8 |    2436 |       0 |   0.0 |      19 |       0 |   0.0
     Lair:1 |    6405 |    2386 |  27.1 |      24 |      11 |  31.4
     Lair:2 |    2688 |      61 |   2.2 |      10 |       1 |   9.1
            +---------+---------+-------+---------+---------+-------
